 Dungeon Crawl Stone Soup version 0.32-a0-7-ge934b4519a (webtiles) character file.

Game seed: 8418408718520798642

29 miscthings the Changeling (level 3, -1/33 HPs)
             Began as an Oni Shapeshifter on Jan 14, 2024.
             Slain by a goblin
             ... wielding a +0 club
             ... led by Robin
              (3 damage)
             ... on level 2 of the Dungeon.
             The game lasted 00:00:45 (331 turns).

miscthings the Changeling (Oni Shapeshifter)         Turns: 331, Time: 00:00:46

Health: -1/33      AC:  3    Str: 18    XL:     3   Next: 16%
Magic:  3/3        EV:  9    Int: 11    God:
Gold:   12         SH:  0    Dex: 10    Spells: 2/2 levels left

rFire   . .          .
                       - Unarmed
rCold   . . .        (no shield)
rNeg    . . .        a - +0 animal skin
rPois   .            (helmet currently unavailable)
rElec   .            (cloak currently unavailable)
rCorr   .            (gloves unavailable)
SInv    .            (boots unavailable)
Will    .....        (no amulet)
Stlth   +            (no ring)
HPRegen 0.25/turn    (no ring)
MPRegen 0.08/turn

%: no passive effects
@: beast-form
A: beast (slay +2), large, unfitting armour, horns 1, tough skin 1, double
potion healing, drunken brawling
a: Begin Untransformation


You were on level 2 of the Dungeon.
You were a hulking beast.
You visited 1 branch of the dungeon, and saw 2 of its levels.

You collected 12 gold pieces.

Inventory:

Armour
 a - a +0 animal skin (worn)
Talismans
 c - a beast talisman
 d - a flux talisman
Scrolls
 e - a scroll of identify {unknown}
Potions
 b - a potion of lignification
 f - a potion of curing {unknown}
 g - a potion of attraction {unknown}


   Skills:
 - Level 1.3 Fighting
 - Level 1.7 Dodging
 - Level 2.6 Unarmed Combat
 + Level 4.0 Shapeshifting


You had 2 spell levels left.
You didn't know any spells.
Your spell library was empty.

Dungeon Overview and Level Annotations

Branches:
Dungeon (1/15)

Altars:

Shops:
D:2 =


Innate Abilities, Weirdness & Mutations

You are a hulking beast.
Your limbs bulge with bestial killing power. (Slay +2)
You are too large for most types of armour.
You have a pair of small horns on your head.
You have tough skin. (AC +1)
You gain doubled healing and magic from potions.
Whenever you drink a healing potion, you attack all around you.


Message History

A rat comes into view.
The goblin attacks as it pursues you! The goblin hits you but does no damage.
Robin throws the goblin at you!
Items here: )) ††.
You closely miss Robin.
The rat squeaks loudly.
Your headbutt misses Robin. The goblin hits you with a +0 dagger.
A goblin comes into view. It is wielding a +1 dagger of freezing.
The goblin barely misses you.
You punch Robin!
Robin is heavily wounded.
Robin hits you with a +0 spear.
The goblin hits you but does no damage. x2
A ball python comes into view.
You hit Robin. You punch Robin, but do no damage.
Robin is severely wounded.
The goblin barely misses you.
A hobgoblin comes into view.
The goblin hits you with a +0 club.
* * * LOW HITPOINT WARNING * * *
The hobgoblin shouts!
You hit Robin. You headbutt Robin.
You kill Robin!
The goblin barely misses you.
A goblin comes into view. It is wielding a +0 dagger.
The goblin hits you with a +0 club.
* * * LOW HITPOINT WARNING * * *
Your Shapeshifting skill increases to level 4!
You have reached level 3!
Your experience leads to an increase in your attributes!
Increase (S)trength, (I)ntelligence, or (D)exterity?
You feel agile. x2; You feel stronger. The goblin closely misses you.
The goblin barely misses you. The goblin attacks as it pursues you!
The goblin hits you with a +0 club.
* * * LOW HITPOINT WARNING * * *
The goblin hits you but does no damage. The goblin hits you with a +0 dagger.
* * * LOW HITPOINT WARNING * * *
The goblin attacks as it pursues you! The goblin hits you with a +0 club.
* * * LOW HITPOINT WARNING * * *
The goblin attacks as it pursues you! The goblin hits you with a +0 club.
You die...

#. #.#......# #.
#.#......# # #.
#.#g......
#.###.######.g.......
#..........g.gS.....g
#.....ggg..g.#.......
#.###†g.######.###.#.
...#.#####g######....
..
......Sr.gg.gh.......
#
..##.#####.g#########
'##........#
...........#
...........#
...........#
....#####.##
........# #.##
#.......# #..#


You could see 5 goblins, a ball python and a rat.

Vanquished Creatures
  Robin (D:2)
  2 ball pythons
  2 endoplasms (D:2)
  3 goblins
  3 hobgoblins
  A quokka (D:2)
  A frilled lizard (D:1)
  2 kobolds (D:1)
  3 rats
18 creatures vanquished.

Notes
Turn   | Place    | Note
-------+----------+-------------------------------------------
     0 | D:1      | miscthings the Oni Shapeshifter began the quest for the
                  | Orb.
     0 | D:1      | Reached XP level 1. HP: 19/19 MP: 1/1
   173 | D:1      | Reached XP level 2. HP: 26/27 MP: 2/2
   211 | D:1      | You fall into a shaft and drop 1 floor!
   232 | D:2      | Found Poseno's Jewellery Emporium.
   299 | D:2      | Noticed Robin
   327 | D:2      | Killed Robin
   328 | D:2      | Reached skill level 4 in Shapeshifting
   328 | D:2      | Reached XP level 3. HP: 8/33 MP: 3/3
   331 | D:2      | Slain by a goblin

Illustrated notes

Levels and vault maps discovered:
D:1:      doesnt_arrival_eight_statues, layout_loops_corners,
          serial_bayou_ford_a, minmay_stone_trees_large, kennysheep_boxes
D:2:      layout_basic, serial_shops, shop, nicolae_shop_tiny_statue_garden,
          shop, nicolae_shop_tiny_real_fake_doors, grunt_ministairs_1,
          uniq_robin

Skill      XL: |  1  2 |
---------------+-------+-----
Shapeshifting  | 4 |  4.0
Fighting       | |  1.3
Dodging        | |  1.7
Unarmed Combat | |  2.6

Action                     || total
---------------------------++-------
  Melee: Unarmed           ||    48
         Headbutt          ||     4
         Punch             ||     2
 Armour: Animal skin       ||    41
  Dodge: Dodged            ||    29

Table legend: (Time is in decaauts)
 A = Elapsed time spent in this place.
 B = Non-inter-level travel time spent in this place.
 C = Inter-level travel time spent in this place.
 D = Time resting spent in this place.
 E = Time spent auto-exploring this place.
 F = Levels seen in this place.
 G = Mean time per level.
                   A        B        C        D        E       F      G
               +--------+--------+--------+--------+--------+-----+--------+
         Total |    328 |    328 |      0 |      0 |    200 |   2 |  164.0 |
       Dungeon |    328 |    328 |      0 |      0 |    200 |   2 |  164.0 |
               +--------+--------+--------+--------+--------+-----+--------+

Top non-repeatable levels by time:
     D:1: 210 daAuts
     D:2: 118 daAuts
